[Event "4NCL 2022-2023"]
[Site "Daventry"]
[Date "2023.02.11"]
[Round "5.34"]
[White "Bisby, Daniel L"]
[Black "Reimanis, Ritvars"]
[Result "1-0"]
[ECO "C02"]
[WhiteElo "2277"]
[BlackElo "2367"]
[Annotator "TA"]
[PlyCount "70"]
[EventDate "2022.10.20"]
[EventType "team-tourn"]
[EventCountry "ENG"]
[SourceTitle "playchess.com"]
[Source "ChessBase"]
[SourceQuality "1"]
[TimeControl "40/6000+30:2400+30"]

1. e4 e6 2. d4 d5 3. e5 c5 4. c3 Nc6 5. Nf3 Qb6 6. Bd3 cxd4 7. O-O $1 {[%emt 0:00:14][%mdl 4] is recently more successful than 7.cxd4. C02: French: Advance Variation.} Bd7 8. Nbd2 {[%emt 0:05:04] [#]} g5 $146 ({Predecessor:} 8... Rc8 9. Nb3 dxc3 10. bxc3 Qc7 11. Re1 Nge7 12. h4 Ng6 13. Qe2 Be7 14. h5 Ngxe5 15. Nxe5 Qxe5 16. Qxe5 Nxe5 17. Rxe5 {1-0 Carlsen,M (2863)-Harikrishna,P (2732) Saint Louis Blitz 2020 (15)}) 9. Re1 {[%emt 0:09:21] The position is equal.} g4 (9... dxc3 {seems wilder.} 10. bxc3 g4 11. Ng5 Qc7) 10. Nxd4 Nxd4 11. cxd4 h5 12. Nb3 Ba4 13. Be3 Ne7 14. Qe2 Bxb3 15. axb3 Nc6 16. Rec1 a6 (16... Nxd4 $2 17. Qd1 Bc5 18. Rxc5 Qxc5 19. Bxd4 $18) 17. f3 (17. Bb5 $14) 17... Bh6 $11 (17... Nxd4 $2 18. Qf2 Bc5 19. Rxc5 Qxc5 20. Bxd4 $18) 18. f4 (18. fxg4 $2 {too greedy.} Nxd4 19. Qf2 Bxe3 20. Qxe3 Ne2+ 21. Kf2 Qxe3+ 22. Kxe3 Nxc1 23. Rxc1 hxg4 $19) 18... Kd7 19. Rc3 f5 (19... Rac8 $11) 20. exf6 $16 Qd8 21. f7 $1 {[%emt 0:07:20] f5 would be deadly. White is more active.} Qf6 {[%emt 0:00:50][%csl LRd4,LRf4,LRf7] Inhibits f5.} 22. Rf1 Nxd4 (22... Ke7 $16) 23. Bxd4 $2 (23. Qf2 $18 Nc6 24. Rxc6 {[%mdl 64] Remove Defender} bxc6 25. Bd4 {[%mdl 64] Skewer} Qxf7 26. Bxh8 Qxf4 27. Bd4 Qxf2+ 28. Rxf2) 23... Qxd4+ $11 24. Kh1 Bxf4 25. Re1 $40 {[%emt 0:13:03][%mdl 128] White attacks.} Rh6 26. Bb5+ Ke7 $1 27. Be8 {[%emt 0:00:34] Hoping for Rd3.} Rf6 {[%emt 0:03:51] aiming for ...Bd2.} (27... Kf8 $5 ) 28. Qc2 {[%emt 0:04:40][%cal Oc3c7] Rc7+! would kill now. Some like it hot} Bd6 {[%emt 0:15:08][%mdl 8192] [#] Dodges Rc7+} (28... Qb4 $14) 29. Rc7+ $1 Bxc7 30. Qxc7+ Kf8 31. Qd6+ Kg7 {[%emt 0:00:01] [#] White must now prevent ...Qf4.} 32. Qe7 $1 {[%emt 0:01:00][%csl Ge7][%cal Rf7f8] White mates.} (32. Rxe6 $2 Rf1#) 32... Kh6 33. f8=Q+ {[%emt 0:00:33][%mdl 64] Overworked Piece} Rxf8 34. Rxe6+ Rf6 35. Rxf6+ Kg5 {[%emt 0:00:01] Ingenious play by Bisby!   Weighted Error Value: White=0.20 (precise) /Black=0.42} 1-0

[Event "4NCL 2022-2023"]
[Site "Daventry"]
[Date "2023.02.11"]
[Round "5.35"]
[White "Kilpatrick, Callum"]
[Black "McClement, Andrew"]
[Result "1-0"]
[ECO "B81"]
[WhiteElo "2415"]
[BlackElo "2210"]
[Annotator "TA"]
[PlyCount "83"]
[EventDate "2022.10.20"]
[EventType "team-tourn"]
[EventCountry "ENG"]
[SourceTitle "playchess.com"]
[Source "ChessBase"]
[SourceQuality "1"]
[TimeControl "40/6000+30:2400+30"]

1. e4 c5 2. Nf3 d6 3. d4 cxd4 4. Nxd4 Nf6 5. Nc3 e6 6. g4 h6 7. Rg1 Be7 8. Be3 Nc6 9. Qe2 a6 {[%emt 0:05:19] B81: Sicilian Scheveningen: Keres Attack.} 10. O-O-O Qc7 11. h4 Nxd4 {[%emt 0:09:49] [#] White is better.} 12. Bxd4 $146 {[%emt 0:13:26] And now g5 would win.} ({Predecessor:} 12. Rxd4 Nh7 13. g5 hxg5 14. hxg5 Nf8 15. f4 g6 16. Kb1 b5 17. Bg2 Rb8 18. a3 {1-0 Vroombout,E (2141)-Klapwijk,B (2022) Hoogeveen Unive op 2010 (6)}) 12... e5 13. Be3 {[%emt 0:00:04] Black must now prevent g5.} Be6 14. g5 hxg5 15. hxg5 Nd7 16. g6 Rc8 (16... f6 $142) 17. gxf7+ Kxf7 18. Qf3+ Bf6 19. Bd3 {[%emt 0:00:24] White is more active.} (19. Kb1 $16) 19... Nc5 20. Bxc5 (20. Kb1 $16) 20... Qxc5 $11 21. Nd5 Rh6 (21... Bxd5 $11 22. exd5 Ke7) 22. Rg3 Rch8 23. Rdg1 {[%emt 0:00:53] Chess con chili.} (23. b4 $16 Qc6 24. Rdg1) 23... Ke8 $2 {[%emt 0:02:41] [#]} (23... Bxd5 $11 24. exd5 (24. Rxg7+ Ke8 $11) 24... Ke8) 24. Ne3 $2 (24. b4 $1 $18 Qc8 25. Rxg7 Bxg7 26. Rxg7) 24... Rh2 (24... Bxa2 $15 25. Nf5 Rh2) 25. b3 R8h4 26. R3g2 Rf4 27. Qe2 Rh3 28. Rg3 Rh2 29. R3g2 Rh3 30. Kb1 (30. Bc4 $5 Bf7 31. Bxf7+ Kxf7 32. f3 $11) 30... Kd8 31. a4 Kc8 32. Rd1 Rhf3 ({Black should try} 32... Bf7 $11) 33. Rh2 {[%emt 0:00:36][%cal Od3a6] White wants to play Bxa6!} (33. Bc4 {simplifies} Bxc4 34. Nxc4 Kb8 35. Rxd6 Rxf2 36. Rxf2 Qxf2 37. Qxf2 Rxf2 38. Rd7) 33... Bh4 $2 {[%emt 0:00:23][%mdl 8192] [#]} (33... Kc7 $11 {and Black has nothing to worry.}) 34. Rxh4 $1 $18 {[%emt 0:00:08][%mdl 576] Deflection} Rxf2 35. Rh8+ Kc7 36. Qe1 {[%emt 0:00:10] aiming for Bc4.} R4f3 37. Nc4 Bxc4 (37... Rf8 $142 38. Rxf8 Rxf8) 38. Bxc4 ({Worse is} 38. bxc4 Qb6+ 39. Kc1 Qd4 $11) 38... Re3 39. Qg1 Rc3 40. a5 {[%emt 0:01:18] White mates.} ({And not} 40. Qg4 Rcxc2 41. Rc8+ (41. Qxg7+ Kb6 $11) 41... Kb6 42. Rxc5 Rb2+ 43. Ka1 Ra2+ 44. Kb1 Rab2+ 45. Ka1 Ra2+ 46. Kb1 Rab2+ $11) 40... Rcxc2 41. Qxg7+ Kc6 42. Rc8# {[%emt 0:00:09] A superb game by Kilpatrick.   Weighted Error Value: White=0.34/Black=0.59} 1-0

[Event "4NCL 2022-2023"]
[Site "Daventry"]
[Date "2023.02.11"]
[Round "5.36"]
[White "Gallagher, Daniel GH"]
[Black "Gallana, Marco"]
[Result "1/2-1/2"]
[ECO "B33"]
[WhiteElo "2218"]
[BlackElo "2257"]
[Annotator "TA"]
[PlyCount "124"]
[EventDate "2022.10.20"]
[EventType "team-tourn"]
[EventCountry "ENG"]
[SourceTitle "playchess.com"]
[Source "ChessBase"]
[SourceQuality "1"]
[TimeControl "40/6000+30:2400+30"]

1. e4 c5 2. Nc3 Nc6 3. Nge2 Nf6 4. d4 cxd4 5. Nxd4 e5 6. Ndb5 d6 7. Nd5 Nxd5 8. exd5 Nb8 9. a4 Be7 {[%emt 0:00:29] B33: Sicilian: Pelikan and Sveshnikov Variations.} 10. b4 {[%emt 0:02:18] [#]} a6 $146 ({Predecessor:} 10... O-O 11. a5 Nd7 12. Be2 f5 13. O-O a6 14. Na3 e4 15. Nc4 Ne5 16. Nb6 Rb8 {1-0 Arjun,K (2505)-Lim,Z (2305) Sitges Sunway op 9th 2022 (3)}) 11. Na3 b6 12. Nc4 Nd7 13. Be2 O-O 14. O-O f5 15. f4 a5 16. c3 Qc7 17. Be3 {[%emt 0:18:20] Threatens to win with fxe5.} (17. Qb3 $5 ) 17... exf4 (17... Ba6 $5 18. b5 exf4 19. Bxf4 (19. Rxf4 Bb7 $15) 19... Bb7 $15) 18. Bxf4 (18. Rxf4 Ba6 $15) 18... Ba6 19. Na3 {[%emt 0:08:38] aiming for Bxa6.} Bxe2 (19... Qxc3 $2 20. Bxa6 Bf6 21. Bb5 Bd4+ 22. Kh1 Qxa1 23. Qxa1 Bxa1 24. Bxd7 $18) 20. Qxe2 Ne5 21. Bxe5 dxe5 22. Nb5 Qd7 {[%emt 0:01:25] [#]} (22... Qb8 $14) 23. d6 $1 $16 (23. Qxe5 $6 axb4 24. d6 Bf6 25. Qd5+ (25. Qxf5 $2 Bd4+ 26. Nxd4 Rxf5 $19) 25... Kh8 $11) 23... Bxd6 (23... Bf6 $142) 24. Rad1 {[%emt 0:00:06] White is more active.} Rf6 25. Nxd6 (25. Qc4+ $16 Kh8 26. Qd5) 25... Rxd6 $11 26. Rxd6 Qxd6 27. Rxf5 axb4 {[%emt 0:03:36] Hoping for ...Qc5+.} 28. Rxe5 (28. Qxe5 Qxe5 29. Rxe5 bxc3 $17) ({White should try} 28. Qc4+ $11 Kh8 29. Qxb4 Qxb4 30. cxb4) 28... bxc3 $16 {[%emt 0:02:20][%mdl 4096] Endgame KQR-KQR} (28... Rxa4 {leads to mate.} 29. Qc4+ Kf8 30. Qc8+ Kf7 31. Qf5+ Qf6 32. Qd7+ Kg6 33. Qe8+ (33. Qxa4 $2 {perishes.} Qxe5 34. Qc6+ Kg5 $19) 33... Qf7 34. Re6+ Kg5 35. Qxf7) 29. Qc4+ Kh8 30. Qxc3 Qd1+ (30... Rxa4 $2 {is a self mate.} 31. Re8+) 31. Re1 Qxa4 32. h3 h6 33. Re6 $1 Qa1+ 34. Qxa1 Rxa1+ $11 {[%emt 0:00:10] KR-KR} 35. Kf2 {[%emt 0:00:04] [#]} Rb1 $1 36. h4 h5 (36... Kg8 $17) 37. Kf3 {[%emt 0:01:07] The position is equal.} Rb4 38. g3 Kh7 39. Rc6 b5 {[%emt 0:00:24] ...Rc4 is the strong threat.} 40. Rb6 Kg8 41. Rb7 Kf8 42. Ke3 g6 43. Kf3 Kg8 44. Kf2 Rb3 45. Kg2 Rb1 46. Kf3 Rf1+ (46... Rb2 $5 ) 47. Kg2 Rf5 48. g4 Rc5 49. gxh5 gxh5 50. Kf3 Kf8 51. Ke4 Ke8 52. Kd4 Rc4+ 53. Kd3 $1 Rb4 54. Kc3 Rxh4 {[%emt 0:00:00][%cal Ob5b4] White must now prevent ...b4+!} 55. Rxb5 Kf7 56. Kd3 Kg6 57. Ke3 Rg4 58. Kf3 Kh6 59. Ra5 Rg6 60. Ra4 Rg1 61. Kf2 Rg8 62. Kf3 Rg1 {[%emt 0:00:00] Weighted Error Value: White=0.08 (flawless) /Black=0.10 (very precise)} 1/2-1/2

[Event "4NCL 2022-2023"]
[Site "Daventry"]
[Date "2023.02.11"]
[Round "5.37"]
[White "Pein, Jonathan"]
[Black "Hill, Alistair"]
[Result "1/2-1/2"]
[ECO "B20"]
[WhiteElo "2256"]
[BlackElo "2173"]
[Annotator "TA"]
[PlyCount "115"]
[EventDate "2022.10.20"]
[EventType "team-tourn"]
[EventCountry "ENG"]
[SourceTitle "playchess.com"]
[Source "ChessBase"]
[SourceQuality "1"]
[TimeControl "40/6000+30:2400+30"]

1. e4 c5 2. g3 Nc6 3. Bg2 Nf6 4. Ne2 d5 5. exd5 Nxd5 6. d4 {[%emt 0:02:20] B20: Sicilian: Unusual White 2nd moves.} cxd4 (6... Bg4 {feels hotter.} 7. c3 e6 8. O-O Rc8) 7. Nxd4 Ndb4 8. Nxc6 {[%emt 0:13:41][%csl Gc6][%cal Rd1d8] [#]} Qxd1+ 9. Kxd1 Nxc6 10. Be3 g6 {[%emt 0:03:05] [#]} 11. Nc3 $146 ({Predecessor:} 11. Nd2 Bg7 12. c3 O-O 13. Ke2 Ne5 14. Bd4 Bg4+ 15. f3 Bd7 16. f4 Bb5+ 17. Kd1 {0-1 Buchenau,F (2250)-De la Villa Garcia,J (2440) Sitges op 1993 (6)}) 11... Bg7 12. Kc1 O-O 13. Bc5 Bf5 14. Re1 (14. Bxc6 $11 {keeps the balance.} bxc6 15. a4) 14... Rac8 $17 15. Nd5 Rfe8 16. c3 e6 17. Nb4 (17. Ne3 $142) 17... Nxb4 18. Bxb4 {[%emt 0:00:07] [#]} b6 ({Black should try} 18... Bh6+ $1 $19 19. Kd1 (19. f4 $2 e5 $17) 19... Red8+ 20. Ke2 Rd2+ 21. Kf1 b6) 19. Bb7 Rc7 20. Ba6 (20. Be4 $15) 20... Rd8 ({Black should play} 20... Bh6+ $17 21. f4 e5) 21. Rd1 $11 Rcd7 22. Rxd7 Rxd7 23. Bb5 $1 Rd5 24. Bc4 $1 Rd8 {[%emt 0:01:04] ...e5 would be deadly.} 25. Be7 $1 Bh6+ 26. f4 Rd7 (26... Re8 $5 27. Bg5 Bg7 $11) 27. Bf6 Bg7 28. Bxg7 Kxg7 {[%emt 0:00:05][%mdl 4096] Endgame KRB-KRB} 29. a4 a5 30. Be2 e5 31. fxe5 {[%emt 0:00:45] The position is equal.} Rd5 32. b4 Rxe5 33. Kd2 Bd7 34. Bc4 g5 35. bxa5 Rxa5 36. Bb3 f5 37. c4 Kf6 38. Kc3 f4 39. Rf1 Ke5 40. gxf4+ gxf4 41. Re1+ Kf5 42. Re7 Bxa4 43. Bxa4 Rxa4 44. Rxh7 {[%emt 0:00:13] KR-KR} Ke4 45. Re7+ Kf3 46. Re6 Kg2 47. Rxb6 f3 48. Kd4 f2 49. Rf6 f1=Q 50. Rxf1 Kxf1 {[%emt 0:00:05] KR-KPP} 51. Kd5 Kg2 52. c5 Kxh2 {[%emt 0:02:19] KR-KP} 53. c6 Kg3 54. c7 Ra8 55. Kc6 Kf4 56. Kb7 Rh8 57. c8=Q Rxc8 58. Kxc8 {[%emt 0:00:30] Weighted Error Value: White=0.09 (flawless) /Black=0.11 (very precise)} 1/2-1/2

[Event "4NCL 2022-2023"]
[Site "Daventry"]
[Date "2023.02.11"]
[Round "5.38"]
[White "Robertson, J Stuart"]
[Black "Skulte, Christopher"]
[Result "1-0"]
[ECO "D20"]
[WhiteElo "2155"]
[BlackElo "2086"]
[Annotator "TA"]
[PlyCount "168"]
[EventDate "2022.10.20"]
[EventType "team-tourn"]
[EventCountry "ENG"]
[SourceTitle "playchess.com"]
[Source "ChessBase"]
[SourceQuality "1"]
[TimeControl "40/6000+30:2400+30"]

1. d4 d5 2. c4 dxc4 3. e4 b5 4. b3 e5 5. d5 {[%emt 0:06:37] [#]} f5 $146 (5... Nf6 $17 6. Qc2 Bb4+ 7. Bd2 Bc5) ({Predecessor:} 5... Nf6 6. Qc2 c6 7. Bxc4 Bb4+ 8. Nd2 O-O 9. a3 Ba5 10. Ne2 cxd5 11. exd5 Ba6 12. O-O Bxd2 13. Bxd2 Qxd5 14. Bb4 Rc8 15. Rfd1 Rxc4 16. h4 h5 17. Kf1 Rxb4 18. Re1 Ra4 {½-½ Santiago,Y (2477)-Paveto,K (2405) Villa Tehuelches op 2017 (4)}) 6. bxc4 $11 {[%emt 0:06:29] D20: Queen's Gambit Accepted: 3 e3 and 3 e4.} bxc4 (6... Bb4+ $15 7. Bd2 Bc5) 7. Bxc4 Nf6 8. exf5 {[%emt 0:02:45] White is slightly better.} Bxf5 9. Nf3 Bd6 10. h3 O-O 11. O-O Nbd7 12. Re1 Ne4 {[%emt 0:07:40][%cal Oe4f2] White must now prevent ...Nxf2!} 13. Nbd2 Nec5 {[%emt 0:09:52] ...e4 is the strong threat.} 14. Nb3 Qf6 (14... e4 $1 $15 15. Nxc5 Nxc5) 15. Nxc5 (15. Bg5 {is interesting.} Qg6 16. Be7 Bc2 17. Qe2) 15... Nxc5 16. Bb2 Rae8 (16... Bxh3 $5 17. Bxe5 Qg6 $15) 17. Re3 Nd7 (17... Be4 $11) 18. Qe2 $14 Qg6 19. Nh4 ({Much worse is} 19. Nxe5 $6 Nxe5 20. Bxe5 Rxe5 21. Rxe5 Bxh3 $11) (19. Bb5 {looks sharper.} e4 20. Nh4 Qg5 21. Nxf5 Qxf5 22. Bxd7 Qxd7 23. Rxe4 Rxe4 24. Qxe4 Re8 25. Qd3) 19... Qg5 20. Nxf5 Rxf5 21. Rg3 (21. Rf1 {feels hotter.} Ref8 22. Bc1 Qh4 23. Bd3) 21... Qf6 ({Black should try} 21... Qe7 $14) 22. Rf1 {[%emt 0:02:15] Black is weak on the light squares} (22. Bd3 $16 {aiming for Qg4.} Rg5 23. Rxg5 Qxg5 24. Qc2) 22... Kh8 ({Better is} 22... Nc5 $14) 23. Bb5 {[%emt 0:01:45] A strong pair of Bishops.} ({White has to play} 23. Bd3 $1 $18) 23... Re7 24. Bxd7 Rxd7 25. Qb5 {[%emt 0:02:22] Wards off Bc5} (25. Re3 $5 ) 25... Rd8 26. Qa5 Qf8 27. Ba3 {[%emt 0:00:25] Prevents Bc5.} (27. Qxa7 $2 {perishes.} Bc5 28. Ba3 (28. Qxc7 $2 {loses.} Rxf2 29. h4 Rxf1+ $19) 28... Bxa7 $19) 27... Bxa3 28. Rxa3 (28. Qxa3 {is more complex.} Rxd5 29. Qxa7 Qc5 30. Qb8+) 28... Rxd5 {[%emt 0:00:10][%mdl 64] Deflection} 29. Qxa7 Rd2 (29... h6 $14) 30. Rb3 $16 h6 (30... Qd6 $16 {was called for.}) 31. Rb8 $18 Rd8 32. Rxd8 (32. Rfb1 $18 Kh7 33. Qxc7) 32... Qxd8 {[%emt 0:00:02][%mdl 4096] Endgame KQR-KQR} 33. a4 Qd4 ({Black should play} 33... e4 $14) 34. Qxc7 $16 {[%emt 0:00:27] White threatens Qc8+ and mate.} Kh7 35. Qc2 e4 36. Re1 $1 Rf4 (36... Qd3 $16 {keeps fighting.} 37. Qe2 Qd4 38. Qxe4 Qxf2+ 39. Kh1 Kg8) 37. a5 $18 Qd3 38. Qxd3 (38. Qa4 $18) 38... exd3 {[%emt 0:00:08] KR-KR} 39. Ra1 (39. Rd1 {simplifies} Ra4 40. Rxd3 Rxa5 41. h4) 39... d2 40. Kf1 (40. Rd1 {simplifies} Ra4 41. Rxd2 Ra1+ 42. Kh2) 40... Ra4 {[%emt 0:00:13][%mdl 64] Deflection, Back Rank, Promotion} 41. Rd1 (41. Rxa4 $2 d1=Q#) 41... Rxa5 42. Rxd2 Re5 43. Rd6 h5 44. g3 g6 45. Kg2 Ra5 46. Re6 Kg7 47. f4 (47. h4 $14) 47... Ra2+ 48. Kf3 Rh2 49. Re2 Rh1 50. Kg2 Ra1 51. g4 hxg4 52. hxg4 Ra3 53. Kf2 Kf6 54. Re3 Ra2+ 55. Kf3 Ra4 56. Rb3 Ra6 57. Rd3 Rb6 58. Rd4 Ra6 59. Ke4 Ke6 60. Rb4 Rc6 61. g5 Ra6 62. Rb8 Ra4+ 63. Kf3 {[%emt 0:00:00] Strongly threatening Rf8.} Ra3+ 64. Kg4 {[%emt 0:00:00] Rf8 would be deadly.} Kf7 {[%emt 0:00:00] Wards off Rf8+} 65. Rh8 Rb3 66. Rh7+ Kg8 67. Rh3 Rb1 68. Rd3 Rf1 69. Rd4 Kf7 70. Rd7+ Kf8 71. Kg3 Kg8 72. Rd4 Kf7 73. Kg2 Ra1 74. Kf3 Ra3+ 75. Ke4 Ke6 76. Rb4 Ra6 77. Rb7 Ra4+ 78. Kf3 Ra3+ 79. Kg4 {[%emt 0:00:00] Threatens to win with Rg7.} Ra1 $2 (79... Ra6 $11) 80. Rg7 {[%emt 0:00:00] White is clearly winning.} Rg1+ 81. Kf3 Rf1+ {[%emt 0:00:00] [#]} 82. Kg3 $1 Kf5 {[%emt 0:00:00] [#]} 83. Rf7+ $1 Ke4 84. Re7+ Kd5 {[%emt 0:00:00] Weighted Error Value: White=0.21 (precise) /Black=0.28 (precise)} 1-0

[Event "4NCL 2022-2023"]
[Site "Daventry"]
[Date "2023.02.11"]
[Round "5.39"]
[White "Serbanescu, Diana-Maria"]
[Black "Stewart, Ashley"]
[Result "1/2-1/2"]
[ECO "B06"]
[WhiteElo "1978"]
[BlackElo "2051"]
[Annotator "TA"]
[PlyCount "56"]
[EventDate "2022.10.20"]
[EventType "team-tourn"]
[EventCountry "ENG"]
[SourceTitle "playchess.com"]
[Source "ChessBase"]
[SourceQuality "1"]
[TimeControl "40/6000+30:2400+30"]

1. e4 c5 2. c3 d5 3. exd5 Qxd5 4. d4 g6 5. Nf3 Bg7 6. Na3 cxd4 7. Bc4 {[%emt 0:03:35] B06: Modern Defence.} Qe4+ {[%emt 0:00:44] [#]} 8. Be3 $1 {[%emt 0:01:22][%cal Oc4f7] Bxf7+! would be deadly.} Nh6 (8... dxe3 $2 9. Bxf7+ Kxf7 10. Ng5+ Ke8 11. Nxe4 $18) 9. cxd4 {[%emt 0:05:49] White has an edge.} ({Much worse is} 9. Nxd4 Qxg2 10. Qf3 Qxf3 11. Nxf3 O-O $17) 9... O-O 10. O-O {[%emt 0:16:44] Black should prevent Re1.} Nf5 11. Re1 {[%emt 0:06:22] 11.Qb3 is not played anymore.} (11. Qb3 {with more complications.} Qg4 12. Ne5 Bxe5 13. dxe5 Nc6 14. f3) 11... Qg4 12. h3 Nxe3 13. Rxe3 ({Reject} 13. hxg4 Nxd1 14. Raxd1 Bxg4 $15) 13... Qd7 {[%emt 0:01:30] [#]} 14. Qe2 $146 ({Predecessor:} 14. Ne5 Qd8 15. Qf3 e6 16. Rd1 Qf6 17. Qe4 Nd7 18. Rf3 Qe7 19. Nb5 a6 20. Nc3 {½-½ Varela la Madrid,T (2079)-Alinasab,M (2364) Olympiad Women-44 2022 (9.1)}) 14... Bf6 15. Rd1 Nc6 {[%emt 0:04:19] [#]} (15... Qd8 $14) 16. Bb5 $2 (16. d5 $1 $18 ) 16... Qd6 17. Nc4 Qd5 18. Nce5 Qd6 19. Nc4 {[%emt 0:02:20] A dynamic duo of knights.} (19. Bxc6 $16 {Black must now prevent Be4.} bxc6 20. Rc3) 19... Qd5 $11 20. Nce5 a6 (20... Qd6 $11) 21. Nxc6 bxc6 22. Bc4 $36 {[%emt 0:00:08][%mdl 2048] White has some pressure.} Qd6 23. b3 (23. Ne5 $14 {deserves consideration.}) 23... a5 24. Ne5 Ra7 25. Qf3 Bb7 ({Better is} 25... c5 $11) 26. Qe2 {[%emt 0:00:33] White is much more active. The black rooks are badly placed.} (26. Ree1 $14) 26... Bc8 27. Qf3 (27. a4 $11) 27... Bb7 $16 28. Qe2 ({White should play} 28. Ree1 $16) 28... Bc8 {[%emt 0:04:02] Weighted Error Value: White=0.30/Black=0.23 (precise)} 1/2-1/2

[Event "4NCL 2022-2023"]
[Site "Daventry"]
[Date "2023.02.11"]
[Round "5.40"]
[White "Sivanandan, Bodhana"]
[Black "Pedersen, Carsten"]
[Result "0-1"]
[ECO "C02"]
[WhiteElo "1725"]
[BlackElo "2088"]
[Annotator "TA"]
[PlyCount "110"]
[EventDate "2022.10.20"]
[EventType "team-tourn"]
[EventCountry "ENG"]
[SourceTitle "playchess.com"]
[Source "ChessBase"]
[SourceQuality "1"]
[TimeControl "40/6000+30:2400+30"]

1. e4 e6 2. d4 d5 3. e5 c5 4. c3 Nc6 5. Nf3 Bd7 6. Bd3 cxd4 {[%emt 0:00:52] C02: French: Advance Variation.} 7. O-O (7. cxd4 $11 Qb6 8. Bc2) 7... Nge7 (7... dxc3 $15 8. Nxc3 Nge7) 8. Re1 (8. cxd4 $11 {should be considered.} Qb6 9. Kh1) 8... Rc8 (8... dxc3 $15 9. Nxc3 Ng6) 9. a3 {[%emt 0:08:51] [#]} (9. Nxd4 $11 Nxd4 10. cxd4) 9... a6 $146 (9... dxc3 $15 10. Nxc3 a6) ({Predecessor:} 9... Ng6 10. g3 dxc3 11. Nxc3 Qc7 12. Qe2 Bc5 13. b4 Nd4 14. Nxd4 Bxd4 15. Nb5 Bxb5 16. Bxb5+ {1-0 Moeller,M (1936)-Stichter,C (1620) GER-chT Lands U20 2022 (4.1)}) 10. cxd4 $11 Qb6 11. Bc2 Na5 12. b4 Nc4 13. Ba4 (13. Nc3 $11) 13... Bxa4 $15 14. Qxa4+ Qc6 15. Qxc6+ Rxc6 16. Nbd2 Nc8 17. Nb3 b6 18. Bg5 h6 19. Be3 Na7 20. Rec1 Kd7 21. Nfd2 Nxd2 ({Black should play} 21... Be7 $17 22. Nxc4 Rxc4) 22. Bxd2 Be7 23. Kf1 Rhc8 24. Ke2 Rxc1 (24... Rc4 {looks sharper.} 25. Kd3 f6 26. g3 Nc6) 25. Rxc1 {[%emt 0:00:17] Now White is beyond hope.} (25. Nxc1 $15 f6 26. Nb3) 25... Rxc1 $19 26. Bxc1 $15 {[%emt 0:00:17][%mdl 4096] Endgame [#] KBN-KBN} (26. Nxc1 $142 Nb5 27. a4 Nxd4+ 28. Kd1) 26... Kc6 $1 $19 27. Kd3 Kb5 28. Na1 {[%emt 0:04:53] [#]} Ka4 $1 29. Nc2 Nb5 30. f4 h5 31. g3 (31. f5 {was worth a try.}) 31... g6 32. h3 a5 33. Bd2 axb4 34. Nxb4 (34. axb4 Na7 35. b5) 34... Bxb4 ({Less strong is} 34... Nxa3 35. Nc6 Bf8 36. Nd8 $16) 35. axb4 {[%emt 0:00:08] KB-KN} Kb3 {[%emt 0:00:10] ...Na3 would be deadly.} 36. g4 (36. f5 $142 gxf5 37. Bg5) 36... hxg4 37. hxg4 Na3 38. f5 gxf5 39. gxf5 b5 40. Bg5 Nc2 41. fxe6 fxe6 {[%emt 0:40:02] Black mates.} 42. Be7 Nxb4+ 43. Ke3 Nc6 44. Bc5 Kc4 45. Kd2 {[%emt 0:02:07] [#]} Nxe5 $1 {[%emt 0:00:19][%mdl 576] Deflection} 46. dxe5 (46. Bf8 Nf3+) 46... Kxc5 {[%emt 0:00:06] KP-KP} 47. Kc3 d4+ 48. Kb3 Kd5 49. Kc2 b4 50. Kb3 d3 51. Kb2 Kc4 52. Kb1 Kc3 53. Kc1 b3 54. Kb1 d2 55. Ka1 d1=Q# {[%emt 0:00:04] Weighted Error Value: White=0.57/Black=0.11 (very precise)} 0-1

[Event "4NCL 2022-2023"]
[Site "Daventry"]
[Date "2023.02.11"]
[Round "5.41"]
[White "Speelman, Jon S"]
[Black "Delaney, Killian"]
[Result "1-0"]
[ECO "A30"]
[WhiteElo "2500"]
[BlackElo "2300"]
[Annotator "TA"]
[PlyCount "43"]
[EventDate "2022.10.20"]
[EventType "team-tourn"]
[EventCountry "ENG"]
[SourceTitle "playchess.com"]
[Source "ChessBase"]
[SourceQuality "1"]
[TimeControl "40/6000+30:2400+30"]

1. Nf3 c5 2. c4 e6 3. g3 d5 4. Bg2 Nc6 5. O-O dxc4 6. Na3 {[%emt 0:00:21] A30: Symmetrical English: Double Fianchetto and Hedgehog.} Be7 7. Nxc4 Nf6 8. b3 {[%emt 0:00:55] White has an edge.} Nd5 9. Bb2 Bf6 (9... O-O $1 $11 {keeps the balance.}) 10. Bxf6 {[%emt 0:05:32] [#]} Nxf6 $146 ({Predecessor:} 10... gxf6 11. Rc1 Nde7 12. e3 O-O 13. d4 cxd4 14. Nxd4 Nxd4 15. exd4 Rb8 16. Qg4+ Ng6 {0-1 Berg,K (2375)-Van der Wiel,J (2530) OHRA GM Open 1983}) 11. Rc1 $36 {[%emt 0:00:06][%mdl 2048] White has strong initiative.} O-O 12. Nce5 Nxe5 13. Nxe5 Qa5 (13... Qd6 $142) 14. Qc2 $16 Nd5 15. Rfd1 {[%emt 0:05:31] White is much more active. The black rooks are badly placed.} (15. Qxc5 Qxa2 16. e4 Nf6 $16) 15... b6 16. Nc6 Qb5 {[%emt 0:00:34] [#]} 17. Ne7+ {[%emt 0:00:04][%mdl 576] Pin, Double Attack} Kh8 (17... Nxe7 18. Bxa8) 18. Nxd5 (18. Bxd5 exd5 19. d4 (19. Nxd5 Qxe2 20. d4 {[%mdl 64] Discovered Attack} Qxc2 $11) 19... Qd7 $14) 18... exd5 19. Bxd5 Rb8 20. d4 cxd4 21. Rxd4 Qd7 (21... Qe8 {was worth a try.} 22. e3 (22. Rh4 h6 $16) 22... Bb7) 22. Qc7 {[%emt 0:01:48] Weighted Error Value: White=0.04 (flawless) /Black=0.25 (precise)} ({Don't do} 22. Rh4 f5 $18) 1-0